[Event "EOC-ch Playoff-B 2021"]
[Site "Online"]
[Date "2021.03.29"]
[Round "1.12"]
[White "Bashirli, Nail"]
[Black "Baklan, Vladimir"]
[Result "1/2-1/2"]
[ECO "B69"]
[WhiteElo "2382"]
[BlackElo "2587"]
[Annotator "ChessBase"]
[PlyCount "89"]
[EventDate "2021.03.29"]
[EventType "team-tourn"]
[EventCountry "NET"]
[SourceTitle "playchess.com"]
[Source "ChessBase"]
[SourceQuality "1"]
[TimeControl "900+5"]

1. e4 c5 2. Nc3 Nc6 3. Nf3 d6 4. d4 cxd4 5. Nxd4 Nf6 6. Bg5 e6 7. Qd2 a6 8. O-O-O Bd7 9. f4 Be7 10. Nf3 b5 11. Bxf6 gxf6 12. Kb1 Qa5 13. Bd3 Rc8 14. f5 Nb4 15. a3 Nc6 16. Na2 Qxd2 17. Rxd2 Ne5 18. Nxe5 fxe5 19. Nc3 Bg5 20. Rf2 Ke7 21. Rhf1 Be8 22. g3 h5 23. h4 Be3 24. Rf3 Bb6 25. Nd1 Rg8 26. Be2 d5 27. fxe6 fxe6 28. exd5 exd5 29. Nc3 Rd8 30. Rf5 Bd4 31. Bxh5 Bxh5 32. Rxh5 Bxc3 33. bxc3 e4 34. Rh7+ Ke6 35. Rh6+ Ke5 36. Rhf6 e3 37. R1f5+ Ke4 38. Rf4+ Ke5 39. R4f5+ Ke4 40. Rf1 Rde8 41. R1f4+ Ke5 42. R4f5+ Ke4 43. Rf4+ Ke5 44. R4f5+ Ke4 45. Rf4+ 1/2-1/2

[Event "EOC-ch Playoff-B 2021"]
[Site "Online"]
[Date "2021.03.29"]
[Round "2.3"]
[White "Keymer, Vincent"]
[Black "Shahaliyev, Ismayil"]
[Result "1-0"]
[ECO "D38"]
[WhiteElo "2591"]
[BlackElo "2413"]
[Annotator "ChessBase"]
[PlyCount "77"]
[EventDate "2021.03.29"]
[EventType "team-tourn"]
[EventCountry "NET"]
[SourceTitle "playchess.com"]
[Source "ChessBase"]
[SourceQuality "1"]
[TimeControl "900+5"]

1. d4 Nf6 2. c4 e6 3. Nf3 d5 4. Nc3 Bb4 5. Qa4+ Nc6 6. e3 O-O 7. Bd2 a5 8. Qc2 b6 9. Rc1 Ne7 10. Be2 dxc4 11. Bxc4 Bb7 12. Be2 Rc8 13. a3 Bxc3 14. bxc3 Qd6 15. Qb2 c5 16. O-O c4 17. Ne5 Ne4 18. Be1 Ba6 19. f3 Nc5 20. Nxc4 Bxc4 21. Bxc4 Na4 22. Qb3 Rxc4 23. Qxc4 Qxa3 24. Bh4 Nf5 25. Bf2 Nd6 26. Qc6 Rc8 27. Qd7 Nxc3 28. Rxc3 Qxc3 29. Qxd6 b5 30. Qb6 a4 31. Qxb5 a3 32. Qa6 h6 33. Rb1 Qc2 34. Ra1 Rb8 35. Qxa3 Rb1+ 36. Be1 Rb3 37. Qa8+ Kh7 38. Qe4+ Qxe4 39. fxe4 1-0

[Event "EOC-ch Playoff-B 2021"]
[Site "Online"]
[Date "2021.03.29"]
[Round "2.8"]
[White "Baklan, Vladimir"]
[Black "Guliyev, Namig"]
[Result "1-0"]
[ECO "C42"]
[WhiteElo "2587"]
[BlackElo "2538"]
[Annotator "ChessBase"]
[PlyCount "85"]
[EventDate "2021.03.29"]
[EventType "team-tourn"]
[EventCountry "NET"]
[SourceTitle "playchess.com"]
[Source "ChessBase"]
[SourceQuality "1"]
[TimeControl "900+5"]

1. e4 e5 2. Nf3 Nf6 3. Nxe5 d6 4. Nf3 Nxe4 5. Nc3 Nf6 6. d4 Be7 7. h3 O-O 8. Bd3 b6 9. O-O Bb7 10. d5 c6 11. dxc6 Nxc6 12. Re1 Re8 13. Bg5 h6 14. Bh4 Nh5 15. Bxe7 Rxe7 16. Qd2 Nf6 17. Bf1 Rxe1 18. Rxe1 Qd7 19. Nb5 Rd8 20. c3 a6 21. Nbd4 Nxd4 22. Nxd4 Re8 23. Rxe8+ Qxe8 24. Nf5 Qe4 25. Nxd6 Qd5 26. Qxd5 Bxd5 27. Bxa6 Bxa2 28. Nc8 Nd5 29. Bb7 Nf4 30. Nxb6 Kf8 31. h4 Ke7 32. g3 Nd3 33. b4 Kd6 34. Be4 Nb2 35. Kf1 g5 36. hxg5 hxg5 37. Ke1 Ke5 38. Bc2 f5 39. Kd2 f4 40. Kc1 fxg3 41. fxg3 Nc4 42. Nxc4+ Bxc4 43. Kd2 1-0

[Event "EOC-ch Playoff-B 2021"]
[Site "Online"]
[Date "2021.03.29"]
[Round "3.3"]
[White "Durarbayli, Vasif"]
[Black "Meier, Georg"]
[Result "1-0"]
[ECO "C02"]
[WhiteElo "2606"]
[BlackElo "2628"]
[Annotator "RC"]
[PlyCount "107"]
[EventDate "2021.03.29"]
[EventType "team-tourn"]
[EventCountry "NET"]
[SourceTitle "playchess.com"]
[Source "ChessBase"]
[SourceQuality "1"]
[TimeControl "900+5"]

1. e4 e6 2. d4 d5 3. e5 c5 4. c3 Nc6 5. Nf3 Qb6 6. Bd3 cxd4 7. cxd4 Bd7 8. O-O Nxd4 9. Nbd2 Bc5 10. Nxd4 Bxd4 11. Nf3 Ne7 12. Rb1 Nc6 13. Bf4 Bc5 14. Ng5 Be7 15. Qh5 g6 16. Qf3 Nd4 17. Qd1 Nf5 18. Bxf5 exf5 19. Qxd5 Be6 20. Nxe6 fxe6 21. Qc4 Kf7 22. Be3 Qb4 23. Qxb4 Bxb4 24. Rfd1 Rhd8 25. Rxd8 Rxd8 26. a3 Be7 27. Bxa7 f4 28. Kf1 Rd2 29. Ke1 Rd5 30. Bb8 Bc5 31. Ke2 Bd4 32. Kf3 Bxe5 33. Bxe5 Rxe5 34. Kxf4 Re2 35. Kf3 Rc2 36. h4 h5 37. g3 Kf6 38. a4 e5 39. a5 Kf5 40. Ke3 e4 41. Rd1 Rxb2 42. Rd5+ Kf6 43. Kxe4 Rxf2 44. Rb5 Ra2 45. Rb6+ Kg7 46. Rxb7+ Kh6 47. Rb5 Ra3 48. Rg5 Kg7 49. Kd4 Kf6 50. Kc4 Ra1 51. Kb5 Rb1+ 52. Kc6 Rc1+ 53. Kb6 Rb1+ 54. Rb5 1-0

[Event "EOC-ch Playoff-B 2021"]
[Site "Online"]
[Date "2021.03.29"]
[Round "3.12"]
[White "Medvegy, Zoltan"]
[Black "Bashirli, Nail"]
[Result "1/2-1/2"]
[ECO "A28"]
[WhiteElo "2527"]
[BlackElo "2382"]
[Annotator "ChessBase"]
[PlyCount "95"]
[EventDate "2021.03.29"]
[EventType "team-tourn"]
[EventCountry "NET"]
[SourceTitle "playchess.com"]
[Source "ChessBase"]
[SourceQuality "1"]
[TimeControl "900+5"]

1. c4 Nf6 2. Nc3 e5 3. Nf3 Nc6 4. e3 Bb4 5. Qc2 O-O 6. Nd5 Be7 7. Ng5 g6 8. Nxe7+ Qxe7 9. a3 d5 10. cxd5 Bf5 11. d3 Nxd5 12. Ne4 h5 13. h3 Rad8 14. Be2 h4 15. b4 a6 16. Bb2 Nf6 17. Nc5 b6 18. Nxa6 Rd6 19. b5 e4 20. d4 Nxd4 21. Bxd4 Rxd4 22. exd4 e3 23. Qxc7 exf2+ 24. Kxf2 Ne4+ 25. Kg1 Qg5 26. Kh2 Rc8 27. Qe5 f6 28. Qd5+ Kh8 29. Rhf1 Rc2 30. Bf3 Qf4+ 31. Kg1 Qe3+ 32. Kh2 Qf4+ 33. Kg1 Qe3+ 34. Kh1 Ng3+ 35. Kh2 Qf4 36. Qd8+ Kg7 37. Qe7+ Kh6 38. Kg1 Qxd4+ 39. Kh2 Qf4 40. Kg1 Bxh3 41. Qf8+ Kg5 42. Rae1 Qxf3 43. Re5+ f5 44. Qd8+ Kh5 45. Qh8+ Kg5 46. Qd8+ Kh5 47. Qh8+ Kg5 48. Qd8+ 1/2-1/2